 Dungeon Crawl Stone Soup version 0.30.1-4-g462c640d31 (webtiles) character file.

Game seed: 6465496598328744738

88 Zeor the Conjurer (level 4, -1/26 HPs)
             Began as a Tengu Reaver on Aug 22, 2023.
             Killed by nerve-wracking pain
             ... invoked by Grinder
              (11 damage)
             ... on level 3 of the Dungeon.
             The game lasted 00:06:06 (1859 turns).

Zeor the Conjurer (Tengu Reaver)                    Turns: 1859, Time: 00:06:07

Health: -1/26      AC:  7    Str: 12    XL:     4   Next: 53%
Magic:  8/8        EV: 12    Int: 15    God:
Gold:   137        SH:  5    Dex: 15    Spells: 3/8 levels left

rFire   . . .        a - +0 long sword
rCold   . . .        (no shield)
rNeg    . . .        b - +0 leather armour
rPois   +            (helmet restricted)
rElec   .            (no cloak)
rCorr   .            (no gloves)
SInv    .            (boots unavailable)
Will    .....        l - amulet of reflection
Stlth   +            c - ring of the Salamander {rPois AC+4 Int+2}
HPRegen 0.24/turn    (no ring)
MPRegen 0.11/turn

%: reflection
@: no status effects
A: beak, talons 3
a: no special abilities


You were on level 3 of the Dungeon.
You visited 1 branch of the dungeon, and saw 3 of its levels.

You collected 137 gold pieces.

Inventory:

Hand Weapons
 a - a +0 long sword (weapon)
 m - a +0 falchion
Armour
 b - a +0 leather armour (worn)
Jewellery
 c - the ring of the Salamander (left hand) {rPois AC+4 Int+2}
   (You found it on level 2 of the Dungeon)

   [ring of protection]

   AC:        It affects your AC (+4).
   Int:       It affects your intelligence (+2).
   rPois:     It protects you from poison.
 l - an amulet of reflection (around neck)
Potions
 d - a potion of brilliance
 e - a potion of haste {unknown}
 f - a potion of curing {unknown}
 g - a potion of heal wounds
 h - a potion of resistance
 i - a potion of ambrosia {unknown}
 j - a potion of flight {unknown}
 k - a potion of mutation {unknown}


   Skills:
 + Level 2.2 Fighting
 + Level 4.1 Long Blades
 + Level 1.4 Armour
 + Level 2.5 Dodging
 + Level 0.3 Stealth
 * Level 2.5 Spellcasting
 + Level 4.5 Conjurations
 + Level 0.1 Air Magic


You had 3 spell levels left.
You knew the following spells:

 Your Spells              Type           Power      Damage    Failure   Level
d - Static Discharge      Conj/Air       18%        2-3/arc   16%         2
k - Kiss of Death         Conj/Necr      32%        2d7       11%         1
s - Momentum Strike       Conj/Tloc      16%        3d8       16%         2

Your spell library contained the following spells:

 Spells                   Type           Power      Damage    Failure   Level
 Freeze                   Ice            4%         1d3       26%         1
 Sandblast                Erth           2%         2d4       26%         1
 Hailstorm                Conj/Ice       8%         3d4       30%         3
 Stone Arrow              Conj/Erth      16%        3d8       30%         3
 Passwall                 Tmut/Erth      0%         N/A       38%         2
 Frozen Ramparts          Ice            2%         1d1       63%         3
 Airstrike                Air            1%         2d(1-17)  94%         4
 Summon Lightning Spire   Summ/Air       2%         N/A       95%         4


Dungeon Overview and Level Annotations

Branches:
Dungeon (3/15)

Altars:

Shops:
D:2 :

Annotations:
D:3 2 transporters, Grinder


Innate Abilities, Weirdness & Mutations

You have a beak for a mouth.
You have claws for feet.


Message History

A ball python comes into view.
The ball python hisses angrily.
The ball python closely misses you. The ball python misses you.
You slash the ball python!
You kill the ball python!
Your movement speed is average.
Your attack delay is about 1.1.
Your damage rating with your +0 long sword is about 12 (Base 10 x 112% (Dex) x 111% (Skill)).
Your base attributes are Str 12, Int 13, Dex 15.
An endoplasm comes into view.
The endoplasm quivers.
You slash the endoplasm!
You kill the endoplasm!
A goblin comes into view. It is wielding a +1 dagger of speed.
Found a potion of brilliance.
Grinder comes into view.
Grinder shouts!
The goblin shouts!
Grinder hits you.
You writhe in agony.
You closely miss Grinder.
The goblin hits you with a +1 dagger of speed.
Grinder barely misses you. The goblin attacks as you move away!
The goblin closely misses you.
You barely miss the goblin. Your kick misses the goblin.
Your peck misses the goblin.
The goblin hits you but does no damage. x2
You slash the goblin!
You kill the goblin!
Grinder blinks!
A goblin comes into view. It is wielding a +0 club.
Things that are here:
a +1 dagger of speed; a goblin corpse The goblin throws a stone.
The stone hits you but does no damage.
You start resting.
A goblin is nearby!
The goblin misses you.
Grinder blinks!
You hit Grinder but do no damage. Grinder gestures at you.
Pain shoots through your body! The goblin barely misses you.
The goblin hits you with a +0 club. Grinder gestures at you.
Pain shoots through your body!
You die...

▒ ▒▒▒∙▒▒▒
▒∙▒∙∙∙∙∙▒
▒∙▒∙▒∙▒∙▒▒▒▒
▒∙∙∙∙∙∙∙∙∙∙▒
▒▒▒∙▒∙▒∙▒▒∙▒ ▒
▒∙∙∙∙∙▒▒∙▒
▒▒∙∙▒▒▒▒▒▒▒∙▒▒▒▒∙▒
∙∙∙∙∙g∙∙▒ ▒∙▒ ▒∙▒
▒∙▒▒▒Q▒ ▒∙▒
∙∙∙∙∙∙∙▒)∙g5▒ ▒∙▒
▒▒▒▒▒▒▒∙▒▒▒▒▒ ▒∙▒
▒∙ ▒∙▒ ▒! ▒∙▒
▒∙▒▒▒▒▒▒▒▒∙▒
▒∙∙∙∙∙∙∙▒▒∙▒
▒▒▒▒▒▒▒∙▒▒∙▒
▒▒▒▒▒▒▒▒▒∙▒▒∙▒


You could see Grinder and a goblin.

Vanquished Creatures
  Jessica (D:2)
  2 adders (D:2)
  A dart slug (D:2)
  5 ball pythons
  2 endoplasms
  3 giant cockroaches
  2 goblins
  4 hobgoblins
  4 quokkas
  3 bats (D:2)
  2 frilled lizards
  6 kobolds
  5 rats
40 creatures vanquished.

Notes
Turn   | Place    | Note
-------+----------+-------------------------------------------
     0 | D:1      | Zeor the Tengu Reaver began the quest for the Orb.
     0 | D:1      | Reached XP level 1. HP: 12/12 MP: 4/4
   186 | D:1      | Reached XP level 2. HP: 13/17 MP: 6/6
   809 | D:2      | Reached XP level 3. HP: 6/21 MP: 7/7
   837 | D:2      | Learned a level 2 spell: Momentum Strike
   840 | D:2      | Learned a level 2 spell: Static Discharge
   866 | D:2      | Noticed Jessica
   882 | D:2      | Killed Jessica
   883 | D:2      | Reached skill level 1 in Armour
   945 | D:2      | Found Unog's Book Shoppe.
  1112 | D:2      | Reached XP level 4. HP: 12/26 MP: 8/8
  1205 | D:2      | Identified the +1 pair of boots of Midwinter {*Slow rElec
                  | Regen+ Str+8}
  1275 | D:2      | Identified the ring of the Salamander {rPois AC+4 Int+2}
  1674 | D:3      | Found a transporter.
  1729 | D:3      | Found a transporter.
  1845 | D:3      | Noticed Grinder
  1859 | D:3      | Killed from afar by Grinder

Illustrated notes

Levels and vault maps discovered:
D:1:      lemuel_arrival_rhombus, layout_basic,
          amcnicky_mini_rare_corridor_liquid
D:2:      layout_rooms, serial_shops, nicolae_square_shop,
          minmay_randomly_rotated_circles, uniq_jessica
D:3:      gammafunk_steamed_eel, layout_loops_ring,
          nicolae_ru_sacrificial_ziggurat, uniq_grinder

Skill      XL: |  1  2  3 |
---------------+----------+-----
Long Blades    | 4 |  4.1
Armour         | 1 |  1.4
Fighting       | |  2.2
Dodging        | |  2.5
Stealth        | |  0.3
Spellcasting   | |  2.5
Conjurations   | |  4.5
Air Magic      | |  0.1

Action                     |  1- 3 |  4- 6 || total
---------------------------+-------+-------++-------
  Melee: Falchion          |    51 |    25 ||    76
         Peck              |     9 |     3 ||    12
         Kick              |     8 |     7 ||    15
         Long sword        |       |     6 ||     6
   Cast: Momentum Strike   |     1 |       ||     1
         Static Discharge  |       |     2 ||     2
    Use: Potion            |     3 |       ||     3
         Scroll            |     2 |     1 ||     3
   Stab: Sleeping          |     1 |       ||     1
 Armour: Leather armour    |    11 |     8 ||    19
  Dodge: Dodged            |    23 |    29 ||    52
